AoeStats
← iAlejandrouae

African Clearing

506594792Analyzed
4v4 RM · 18d ago on Sep 14, 2026· 50m 53s· 8 players
Game mode
Random Map
Map size
Large (8 player)
Population
200
Speed
Normal
Resources
Standard
Victory
Conquest
Starting age
Dark Age
Ending age
Imperial Age
RankedLock teamsTeams togetherTeam positionsShared explorationLock speedFull tech treeHidden civsTurbo modeCheats
Victory
Defeat
🇲🇽 Mapuche · Mexico
1621
+10
🇲🇽 Huns · Mexico
1595
+11
🇲🇽 Burgundians · Mexico
1584
+11
🇦🇷 Vietnamese · Argentina
1568
+12
🇹🇼 Portuguese · Taiwan
1539
-14
🇨🇳 Slavs · China
1474
-11
🇭🇰 Lithuanians · Hong Kong SAR China
1455
-10
🇹🇼 Berbers · Taiwan
1438
-9
beneath mariana
6:11 Loom
13:08 Feudal Age
14:17 Town Watch
14:25 Double-Bit Axe
17:15 Castle Age
16:51 Wheelbarrow
18:39 Bow Saw
31:28 Horse Collar
34:28 Scale Barding Armor
35:59 Chain Barding Armor
40:08 Imperial Age
39:03 Bloodlines
38:53 Husbandry
39:04 Forging
40:18 Fletching
42:11 Plate Barding Armor
43:15 Conscription
43:20 Capped Ram
45:19 Iron Casting
Miru
11:51 Loom
14:03 Feudal Age
16:33 Fletching
19:27 Castle Age
19:02 Scale Barding Armor
18:53 Double-Bit Axe
23:26 Bow Saw
26:45 Forging
26:38 Horse Collar
29:43 Chain Barding Armor
29:50 Husbandry
30:01 Bloodlines
31:01 Iron Casting
31:20 Wheelbarrow
32:01 Bloodlines
32:16 Stone Mining
33:11 Gold Mining
37:24 Imperial Age
36:35 Town Watch
38:41 Plate Barding Armor
37:27 Cavalier
37:29 Heavy Camel Rider
38:30 Conscription
38:57 Ballistics
39:16 Gold Shaft Mining
41:31 Blast Furnace
44:33 Coinage
45:11 Bodkin Arrow
45:16 Padded Archer Armor
44:58 Treadmill Crane
45:44 Thumb Ring
47:11 Bracer
47:27 Leather Archer Armor
47:07 Elite Genitour
48:59 Chemistry
48:40 Hand Cart
48:25 Town Patrol
49:34 Ring Archer Armor
拿捏木村
12:20 Loom
14:31 Feudal Age
18:09 Castle Age
16:07 Double-Bit Axe
16:29 Scale Barding Armor
17:25 Bloodlines
22:54 Forging
27:11 Town Watch
29:33 Husbandry
29:54 Chain Barding Armor
31:15 Bow Saw
32:54 Fletching
頭鐵投石機
4:25 Loom
14:56 Feudal Age
38:10 Double-Bit Axe
38:36 Horse Collar
46:29 Castle Age
VX | Obligame Perro!
11:44 Feudal Age
12:12 Double-Bit Axe
12:20 Loom
13:39 Scale Barding Armor
16:35 Forging
24:27 Castle Age
22:52 Fletching
23:12 Horse Collar
25:49 Bow Saw
28:22 Bodkin Arrow
30:41 Padded Archer Armor
32:06 Husbandry
32:40 Leather Archer Armor
33:01 Ballistics
33:22 Bloodlines
34:54 Wheelbarrow
36:59 Hand Cart
43:27 Imperial Age
45:44 Bracer
48:21 Chemistry
50:08 Gold Mining
50:53 Heavy Cavalry Archer
VX | Anubis
5:31 Loom
14:09 Feudal Age
18:09 Castle Age
16:43 Double-Bit Axe
29:52 Horse Collar
30:26 Bow Saw
34:52 Forging
35:25 Heavy Plow
36:41 Wheelbarrow
37:01 Gold Mining
38:11 Stone Mining
39:11 Hand Cart
40:49 Fletching
44:13 Imperial Age
43:35 Bodkin Arrow
44:38 Murder Holes
44:54 Masonry
45:02 Malon
45:23 Conscription
46:10 Ballistics
46:50 Chemistry
47:28 Elite Bolas Rider
50:10 Iron Casting
49:37 Padded Archer Armor
50:09 Architecture
51:29 Butalmapu
LvT | ZcPeter
9:54 Loom
11:56 Feudal Age
12:09 Double-Bit Axe
12:11 Man-at-Arms
13:19 Arson
14:21 Town Watch
16:09 Horse Collar
17:30 Wheelbarrow
23:13 Castle Age
21:55 Forging
26:31 Iron Casting
27:01 Long Swordsman
34:22 Scale Mail Armor
38:21 Heavy Plow
39:04 Bow Saw
40:13 Chain Mail Armor
40:29 Squires
40:17 Pikeman
46:45 Imperial Age
46:53 Halberdier
50:44 Blast Furnace
50:14 Plate Mail Armor
51:00 Crop Rotation
50:51 Hand Cart
51:42 Two-Man Saw
50:21 Capped Ram
50:31 Capped Ram
iAlejandrouae
3:04 Loom
13:10 Feudal Age
17:05 Castle Age
17:09 Fletching
17:22 Double-Bit Axe
18:07 Bodkin Arrow
17:58 Horse Collar
18:37 Town Watch
21:22 Padded Archer Armor
22:17 Bloodlines
24:57 Wheelbarrow
25:09 Horse Collar
33:24 Ballistics
35:11 Thumb Ring
35:54 Hand Cart
36:38 Bow Saw
37:08 Leather Archer Armor
36:57 Husbandry
42:32 Imperial Age
40:33 Heavy Plow
40:51 Gold Mining
43:20 Bracer
44:22 Chemistry
43:23 Capped Ram
43:29 Heavy Cavalry Archer
44:53 Ring Archer Armor
47:50 Coinage
48:23 Light Cavalry
49:05 Cavalier
49:52 Scale Barding Armor
49:58 Forging
50:55 Chain Barding Armor
Connection lost

Rejoining the realm…

Still unreachable

The connection could not be restored.

Session expired

The server has moved on; the page needs a fresh start.